 Dungeon Crawl Stone Soup version 0.18-a0-246-gbfa2ae1 (webtiles) character file.

70 endege the Shield-Bearer (level 4, -5/40 HPs)
             Began as a Minotaur Fighter on Nov 25, 2015.
             Slain by a gnoll
             ... wielding a +0 halberd
              (9 damage)
             ... on level 2 of the Dungeon.
             The game lasted 00:05:14 (1365 turns).

endege the Shield-Bearer (Minotaur Fighter)         Turns: 1365, Time: 00:05:14

Health: -5/40      AC:  7    Str: 22    XL:     4   Next: 3%
Magic:  3/3        EV:  7    Int:  5    God:
Gold:   133        SH:  9    Dex:  9    Spells: 0 memorised, 3 levels left

rFire  . . .     SeeInvis .     a - +0 trident
rCold  . . .     Clarity  .     b - +0 scale mail
rNeg   . . .     SustAt   .     c - +0 shield
rPois  .         Gourm    .     (helmet restricted)
rElec  .         Spirit   .     (no cloak)
rCorr  .         Warding  .     (no gloves)
rMut   .         Stasis   .     (no boots)
MR     .....                    (no amulet)
Stlth  ..........               (no ring)
                                (no ring)

@: not resistant to hostile enchantments, extremely unstealthy
A: retaliatory headbutt, horns 2
a: no special abilities


You were on level 2 of the Dungeon.
You were hungry.

You visited 1 branch of the dungeon, and saw 2 of its levels.

You collected 133 gold pieces.

Inventory:

Hand Weapons
 a - a +0 trident (weapon)
Armour
 b - a +0 scale mail (worn)
 c - a +0 shield (worn)
Scrolls
 h - a scroll of recharging {unknown}
 j - 3 scrolls of identify {unknown}
 k - a scroll of enchant armour {unknown}
 o - 2 scrolls of remove curse {unknown}
 p - 2 scrolls of noise {unknown}
 q - a scroll of amnesia {unknown}
Potions
 d - a potion of might
 f - 2 potions of curing {unknown}
 l - a potion of haste {unknown}
 n - a potion of heal wounds {unknown}
Comestibles
 e - 3 bread rations {@e1}
 g - a beef jerky
 i - 3 meat rations {@e2}
 m - 2 chunks of flesh {@w0}


   Skills:
 + Level 4.3 Fighting
 - Level 2.4 Polearms
 + Level 4.5 Armour
 + Level 4.7 Shields


You had 3 spell levels left.
You didn't know any spells.

Dungeon Overview and Level Annotations

Branches:
Dungeon (2/15)

Altars:


Innate Abilities, Weirdness & Mutations

You reflexively headbutt those who attack you in melee.
You have a pair of horns on your head.


Message History

You see here a club.
You now have 123 gold pieces (gained 8).
p - 2 scrolls labeled QYPHAE QAINT (gained 1)
Found a stone staircase leading up.
You regained 3 hp, and now have 29/33 hp.
A goblin comes into view. It is wielding an enchanted dagger.
The goblin shouts!
There is a stone staircase leading up here.
You closely miss the goblin. You headbutt the goblin.
You kill the goblin!
No target in view!
You see here an enchanted dagger.
q - a scroll labeled MUDEPRUI UREODD You see here a spear.
You found a teleport trap!
Health restored: 33 Some of the chunks of flesh in your inventory have rotted away.
You now have 133 gold pieces (gained 10).
i - 3 meat rations {@e2} (gained 1)
You see here a whip.
A goblin comes into view. It is wielding a dagger.
The goblin shouts!
You barely miss the goblin. The goblin hits you but does no damage.
You closely miss the goblin. You headbutt the goblin.
The goblin hits you but does no damage.
You closely miss the goblin. You headbutt the goblin.
The goblin hits you but does no damage.
You hit the goblin.
You kill the goblin!
No target in view!
A gnoll comes into view. It is wielding a flail.
The gnoll shouts! 2 gnolls come into view.
Things that are here:
a dagger; a goblin corpse You butcher the goblin corpse.
The gnoll shouts!
The gnoll moves out of view.
Things that are here:
a dagger; 2 chunks of flesh {@w0} You puncture the gnoll!
Your headbutt misses the gnoll. The gnoll closely misses you.
You closely miss the gnoll. The gnoll closely misses you.
You furiously retaliate!
You headbutt the gnoll, but do no damage.
You hit the gnoll.
You kill the gnoll!
You closely miss the gnoll. The gnoll hits you but does no damage.
A gnoll comes into view. It is wielding a halberd.
You hit the gnoll. The gnoll hits you but does no damage.
The gnoll barely misses you.
You closely miss the gnoll. The gnoll hits you but does no damage.
The gnoll hits you with a whip.
You take 5 damage, and have 28/33 hp.
You closely miss the gnoll. You block the gnoll's attack.
You block the gnoll's attack. The gnoll completely misses you.
You furiously retaliate!
You headbutt the gnoll!
You kill the gnoll!
You hit the gnoll but do no damage. You headbutt the gnoll.
You block the gnoll's attack. The gnoll closely misses you.
The gnoll hits you but does no damage.
Your shield and scale mail prevent you from hitting the gnoll.
You are feeling hungry.
The gnoll hits you but does no damage.
You closely miss the gnoll. You block the gnoll's attack.
The gnoll hits you but does no damage.
You puncture the gnoll! Your headbutt misses the gnoll.
You block the gnoll's attack.
The gnoll hits you from afar with a halberd.
You take 6 damage, and have 22/33 hp.
You hit the gnoll.
You kill the gnoll!
You have reached level 4!
You feel stronger.
You regained 5 hp, and now have 27/40 hp.
MP restored: 3 Attack whom?
Aim: a gnoll, wielding a halberd You reach to attack!
You hit the gnoll.
The gnoll hits you from afar with a halberd!
You take 10 damage, and have 17/40 hp.
MASSIVE DAMAGE!!
You are too injured to fight recklessly!
You are too injured to fight recklessly!
You are too injured to fight recklessly!
You are too injured to fight recklessly!
The gnoll hits you with a halberd.
* * * LOW HITPOINT WARNING * * *
Items here: )) †† a whip; a flail; a gnoll corpse; a gnoll corpse You take 5 damage, and have 12/40 hp.
You completely miss the gnoll. You hit the gnoll.
Your headbutt misses the gnoll. The gnoll hits you with a halberd!
* * * LOW HITPOINT WARNING * * *
You take 9 damage, and have 3/40 hp.
MASSIVE DAMAGE!!
You puncture the gnoll! You block the gnoll's attack.
You closely miss the gnoll. The gnoll hits you with a halberd!
You die...

.......#.#.###.#.##....#
......(................#
.#.###...........#.....#
##.# #..................
#.# ########...........
#.# #...#......... ##.##
#.#)#......... ....#
#.#..†#....... ....# #
#...@g...... ....##
#..##.#..... ....<# #..#
....... ....## #..#
..... . ....### #..#
...### ......# .... ....
......# ##### .....
......# .?.... ...####


You could see a gnoll.

Vanquished Creatures
  2 adders (D:2)
  3 gnolls (D:2)
  A ball python (D:1)
  2 bats (D:1)
  A giant cockroach (D:1)
  9 hobgoblins
  2 kobolds (D:1)
  4 goblins
  2 rats
26 creatures vanquished.

Notes
Turn   | Place    | Note
--------------------------------------------------------------
     0 | D:1      | endege the Minotaur Fighter began the quest for the Orb.
     0 | D:1      | Reached XP level 1. HP: 19/19 MP: 0/0
   184 | D:1      | Reached skill level 4 in Shields
   184 | D:1      | Reached XP level 2. HP: 25/27 MP: 1/1
   480 | D:1      | Reached skill level 4 in Armour
   807 | D:2      | Reached skill level 4 in Fighting
   807 | D:2      | Reached XP level 3. HP: 23/33 MP: 2/2
  1359 | D:2      | Reached XP level 4. HP: 26/40 MP: 3/3
  1363 | D:2      | HP: 3/40 [gnoll/halberd (9)]
  1365 | D:2      | Slain by a gnoll

Vault maps used:
D:1:      lemuel_arrival_room
D:2:      first_bread, lemuel_old_faithful

Action                   |  1- 3 |  4- 6 || total
-------------------------+-------+-------++-------
Melee: Trident           |    91 |     5 ||    96
  Eat: Chunk             |     1 |       ||     1

Vault maps used:
D:1:      lemuel_arrival_room
D:2:      first_bread, lemuel_old_faithful

Table legend:
 A = Turns spent in this place as a percentage of turns spent in the entire game.
 B = Non-inter-level travel turns spent in this place as a percentage of non-inter-level travel turns spent in the entire game.
 C = Inter-level travel turns spent in this place as a percentage of turns spent in this place.
 D = Turns resting spent in this place as a percentage of non-inter-level travel turns spent in this place.
 E = Turns spent auto-exploring this place as a percentage of non-inter-level travel turns spent in this place.
 F = Non-inter-level travel turns spent in this place divided by the number of levels of this place that you've seen.
                   A       B       C       D       E      F
               +-------+-------+-------+-------+-------+----------------------
         Total | 100.0 | 100.0 |   0.3 |   0.9 |  10.5 | 167.0
       Dungeon | 100.0 | 100.0 |   0.3 |   0.9 |  10.5 | 167.0
               +-------+-------+-------+-------+-------+----------------------

Table legend:
 A = Kills in this place as a percentage of kills in entire the game.
 B = Kills by you in this place as a percentage of kills by you in the entire game.
 C = Kills by friends in this place as a percentage of kills by friends in the entire game.
 D = Other kills in this place as a percentage of other kills in the entire game.
 E = Experience gained in this place as a percentage of experience gained in the entire game.
 F = Experience gained in this place divided by the number of levels of this place that you have seen.
                   A       B       C       D       E      F
               +-------+-------+-------+-------+-------+----------------------
         Total | 100.0 | 100.0 |  -nan |  -nan | 100.0 |  50.0
       Dungeon | 100.0 | 100.0 |  -nan |  -nan | 100.0 |  50.0
               +-------+-------+-------+-------+-------+----------------------
